 Dungeon Crawl Stone Soup version 0.29.1-12-g30fa7ad0bf (webtiles) character file.

Game seed: 9609711721196018458

63 GeoRichter the Magician (level 4, -6/31 HPs)
             Began as a Djinni Fire Elementalist on Dec 26, 2022.
             Mangled by Sigmund
             ... wielding a +1 scythe of protection
              (11 damage)
             ... on level 2 of the Dungeon.
             The game lasted 00:02:44 (1975 turns).

GeoRichter the Magician (Djinni Fire Elementalist)  Turns: 1975, Time: 00:02:44

Health: -6/31      AC:  3    Str:  5 (7)  XL:     4   Next: 30%
Gold:   124        EV: 12    Int: 16 (19) God:
                   SH:  0    Dex: 11 (13)

rFire   + + .      SeeInvis .   h - +0 dagger
rCold   x . .      Faith    .   (no shield)
rNeg    . . .      Spirit   .   a - +0 robe
rPois   ∞          Reflect  .   (no helmet)
rElec   .          Harm     .   (no cloak)
rCorr   .          Rampage  .   k - +0 pair of gloves
Will    .....                   (boots unavailable)
Stlth   ++........              (no amulet)
HPRegen 0.10/turn               (no ring)
MPRegen 0.00/turn               (no ring)

@: mighty, flying, invisible
A: sickness immunity, fire resistance 2, cold vulnerability 1, float, innate
caster, HP casting, extra vitality 1
a: no special abilities


You were on level 2 of the Dungeon.
You visited 1 branch of the dungeon, and saw 2 of its levels.

You collected 124 gold pieces.

Inventory:

Hand Weapons
 h - a +0 dagger (weapon)
   (You took it off a goblin on level 1 of the Dungeon)
Armour
 a - a +0 robe (worn)
 i - a +0 leather armour
   (You found it on level 1 of the Dungeon)
 k - a +0 pair of gloves (worn)
   (You found it on level 1 of the Dungeon)
Scrolls
 b - a scroll of fear {unknown}
 d - 3 scrolls of enchant weapon {unknown}
 e - a scroll of poison {unknown}
 f - 4 scrolls of identify {unknown}
 j - a scroll of enchant armour {unknown}
 l - a scroll of blinking {unknown}
 m - a scroll of brand weapon {unknown}


   Skills:
 - Level 2.1 Dodging
 - Level 1.5 Stealth
 * Level 3.8 Spellcasting


You couldn't memorise any spells.
You knew the following spells:

 Your Spells              Type           Power      Damage    Failure   Level
a - Foxfire               Conj/Fire      60%        2x1d7     3%          1
b - Scorch                Fire           30%        2d6       5%          2
c - Conjure Flame         Conj/Fire      15%        6-21      11%         3
d - Inner Flame           Hex/Fire       15%        N/A       11%         3
e - Flame Wave            Conj/Fire      15%        2d7       34%         4
f - Shock                 Conj/Air       60%        1d6       3%          1
Your spell library was empty.

Dungeon Overview and Level Annotations

Branches:
Dungeon (2/15) Zot: 10024

Altars:

Annotations:
D:2 Sigmund


Innate Abilities, Weirdness & Mutations

You are immune to sickness and miasma.
You are immune to poison.
Your flesh is very heat resistant. (rF++)
You are vulnerable to cold. (rC-)
You float through the air rather than walking.
You learn spells naturally, not from books.
Your magical power is your life essence.
You have superior vitality. (+4 MHP)


Message History

A giant cockroach is nearby!
The foxfire hits the giant cockroach but does no damage.
The foxfire hits the giant cockroach.
You kill the giant cockroach!
You see here an adder corpse.
n - a blue potion You now have 124 gold pieces (gained 7).
Things that are here:
a +0 dagger; a stone
Found an escape hatch in the ceiling.
Things that are here:
a +0 dagger; a stone You see here an adder corpse.
You conjure some foxfire!
Sigmund gestures at you while chanting.
You are confused.
It was a potion of degeneration.
There was something very wrong with that liquid.
You feel weakened.
You feel dopey.
You feel clumsy.
The foxfire hits Sigmund but does no damage.
Sigmund drinks a potion.
Sigmund seems to speed up.
It was a potion of might.
You feel very mighty all of a sudden.
The foxfire hits Sigmund but does no damage.
It was a potion of invisibility.
You fade into invisibility!
Sigmund gestures wildly while chanting.
Sigmund flickers and vanishes!
Deactivating autopickup; reactivate with Ctrl-A.
You bump into the rock wall.
Something hits you.
You feel less confused. Something hits you.
You barely miss something. Something hits you.
You hit something but do no damage. Something hits you!
You closely miss something. Something hits you but does no damage.
You hit something. Something hits you.
* * * LOW HITPOINT WARNING * * *
You barely miss something. Something hits you.
* * * LOW HITPOINT WARNING * * *
You hit something. Something barely misses you.
Unknown command.
You barely miss something. Something hits you!
You die...

........#
... #.#
#.#
#.#####.#
#.....#.#
#####)#.#
#†..#
#.†##
#.{# #@.#
#..#
#..###
#....#
###
##.#.#
#.. #.#.#
#.# #>
#.#.# #
#.# #.
#.#.#
####.#
#.# #.#.#


There were no monsters in sight!

Vanquished Creatures
  A gnoll (D:1)
  2 adders (D:2)
  A worm (D:2)
  2 endoplasms (D:1)
  3 giant cockroaches
  4 goblins
  2 hobgoblins (D:1)
  6 kobolds
  2 ball pythons (D:1)
  3 bats
  4 frilled lizards
  3 rats
33 creatures vanquished.

Vanquished Creatures (others)
  128 foxfires
128 creatures vanquished.

Grand Total: 161 creatures vanquished

Notes
Turn   | Place    | Note
-------+----------+-------------------------------------------
     0 | D:1      | GeoRichter the Djinni Fire Elementalist began the quest for
                  | the Orb.
     0 | D:1      | GeoRichter set off with the following spells memorised:
                  | Foxfire, Scorch, Conjure Flame, Inner Flame, Flame Wave.
     0 | D:1      | Reached XP level 1. HP: 15/15 MP: 0/0
    54 | D:1      | Reached XP level 2. HP: 3/21 MP: 0/0
   325 | D:1      | Reached skill level 3 in Spellcasting
   744 | D:1      | Found a faded altar of an unknown god.
   757 | D:1      | Reached XP level 3. HP: 22/25 MP: 0/0
   757 | D:1      | Learned a level 1 spell: Shock
  1765 | D:2      | Reached XP level 4. HP: 27/31 MP: 0/0
  1858 | D:2      | Noticed Sigmund
  1975 | D:2      | Mangled by Sigmund

Illustrated notes

Levels and vault maps discovered:
D:1:      dpeg_arrival_rooms_b, layout_basic, dreamdust_ecumenical_altar_statues
D:2:      layout_loops_ring, uniq_terence, uniq_sigmund

Skill      XL: |  1  2 |
---------------+-------+-----
Spellcasting   | 3 |  3.8
Dodging        | |  2.1
Stealth        | |  1.5

Action                   |  1- 3 |  4- 6 || total
-------------------------+-------+-------++-------
Melee: Dagger            |    14 |     7 ||    21
 Cast: Foxfire           |    66 |    12 ||    78
  Use: Potion            |       |     3 ||     3
Armor: Robe              |     5 |     1 ||     6
       Leather armour    |     1 |       ||     1
Dodge: Dodged            |     9 |     3 ||    12
